 Dungeon Crawl Stone Soup version 0.31.0-11-ge490571c62 (webtiles) character file.

Game seed: 17455916745003948608

352 qw the Skirmisher (level 6, -5/36 HPs)
             Began as a Deep Elf Hunter on Feb 4, 2024.
             Incinerated by a bombardier beetle (6 damage)
             ... with a burning spray
             ... on level 4 of the Dungeon.
             The game lasted 00:00:13 (2619 turns).

qw the Skirmisher (Deep Elf Hunter)                 Turns: 2619, Time: 00:00:13

Health: -5/36      AC: 15    Str: 10    XL:     6   Next: 34%
Magic:  8/8        EV: 11    Int: 17    God:
Gold:   120        SH:  0    Dex: 18    Spells: 5/5 levels left

rFire   x x .        j - +0 orcbow
rCold   x x .        (shield currently unavailable)
rNeg    . . .        g - +0 ring mail
rPois   +            f - +2 hat {Int+3}
rElec   .            (no cloak)
rCorr   .            (no gloves)
SInv    .            (no boots)
Will    +....        i - amulet of Elemental Vulnerability {rPois rF-- rC-- AC+8}
Stlth   +            b - ring of willpower
HPRegen 0.26/turn    (no ring)
MPRegen 0.11/turn

%: no passive effects
@: on fire, glowing
A: no striking features
a: no special abilities


You were on level 4 of the Dungeon.
You visited 1 branch of the dungeon, and saw 4 of its levels.

You collected 148 gold pieces.
You spent 28 gold pieces at shops.


   Skills:
 - Level 2.6 Fighting
 + Level 9.5 Ranged Weapons
 - Level 2.4 Dodging
 - Level 1.2 Stealth


You had 5 spell levels left.
You didn't know any spells.
Your spell library was empty.

Inventory:

Hand Weapons
 j - a +0 orcbow (weapon)
Armour
 f - a +2 hat of intelligence (worn)
 g - a +0 ring mail (worn)
Jewellery
 b - a ring of willpower (left hand)
 i - the amulet of Elemental Vulnerability (around neck) {rPois rF-- rC-- AC+8}
   (You found it on level 3 of the Dungeon)

   [amulet of nothing]

   AC+8:      It affects your AC (+8).
   rF--:      It makes you very vulnerable to fire.
   rC--:      It makes you very vulnerable to cold.
   rPois:     It protects you from poison
 l - an amulet of regeneration
Wands
 e - a wand of polymorph (11)
Scrolls
 a - a scroll of poison {unknown}
 c - a scroll of amnesia {unknown}
Potions
 d - 2 potions of degeneration {unknown}
 h - a potion of invisibility {unknown}

Dungeon Overview and Level Annotations

Branches:
Dungeon (4/15)
 Temple: D:4-7

Altars:
Wu Jian

Shops:
D:1 *


Message History

There is an open door here.
Enter note:
Enter note: You shoot an arrow.
The arrow hits the endoplasm!
You kill the endoplasm!
You open the door.
There is an open door here.
A bombardier beetle comes into view.
You shoot an arrow.
The arrow barely misses the bombardier beetle.
You shoot an arrow. The arrow hits the bombardier beetle.
The bombardier beetle is moderately wounded.
You shoot an arrow.
The arrow hits the bombardier beetle but does no damage.
The bombardier beetle is moderately wounded.
The bombardier beetle sprays incendiary fluid at you.
The burning spray hits you.
You are covered in liquid fire!
You shoot an arrow.
The arrow barely misses the bombardier beetle.
The liquid fire burns you!
You shoot an arrow.
The arrow closely misses the bombardier beetle.
The liquid fire burns you!
You shoot an arrow.
The arrow hits the bombardier beetle but does no damage.
The bombardier beetle is moderately wounded.
The liquid fire burns you!
The bombardier beetle sprays incendiary fluid at you.
The burning spray hits you.
You are even more covered in liquid fire!
You shoot an arrow.
The arrow barely misses the bombardier beetle.
The liquid fire burns you!
You shoot an arrow. The arrow hits the bombardier beetle!
You kill the bombardier beetle!
The liquid fire burns you!
You are on fire!
The liquid fire burns you!
You die...

### ##.#######..
####.........##
#.....######.#
##+##...##
#...#....####.##
#+#...#+#.#.......
#.......###.###.##
###...###...###.#
#@'...'.........#
#%######.########
.... #.# #.....
#.# #.....# #.#
#+#.### #.# #.+
... ### #.# #.#


There were no monsters in sight!

Vanquished Creatures
  A centaur (D:4)
  An ogre (D:4)
  A bombardier beetle (D:4)
  Terence (D:2)
  A sleepcap (D:3)
  4 adders
  4 ribbon worms
  2 dart slugs (D:2)
  2 orcs
  5 ball pythons
  2 bats
  2 endoplasms
  3 giant cockroaches
  15 goblins
  6 hobgoblins
  2 quokkas
  4 frilled lizards
  4 kobolds
  5 rats
65 creatures vanquished.

Notes
Turn   | Place    | Note
-------+----------+-------------------------------------------
     0 | D:1      | qw the Deep Elf Hunter began the quest for the Orb.
     0 | D:1      | Reached XP level 1. HP: 12/12 MP: 3/3
     0 | D:1      | 0 ||| qw: Version: 0.3-a-160-g6735b56
     0 | D:1      | 0 ||| qw: Game counter: 5251
     0 | D:1      | 0 ||| qw: Melee chars always use a shield: true
     0 | D:1      | 0 ||| qw: God list: Okawaru
     0 | D:1      | 0 ||| qw: Allow faded altars: false
     0 | D:1      | 0 ||| qw: Do Orc after clearing Dungeon:15 true
     0 | D:1      | 0 ||| qw: Do second Lair branch before Depths: true
     0 | D:1      | 0 ||| qw: Lair rune preference: random
     0 | D:1      | 0 ||| qw: Goals: Normal
     0 | D:1      | 0 ||| PLANNING D:1-11
   159 | D:1      | Reached skill level 6 in Ranged Weapons
   159 | D:1      | Reached XP level 2. HP: 16/16 MP: 4/4
   371 | D:1      | Found Zyfugga's General Store.
   376 | D:1      | 376 ||| SHOPLISTING scroll of brand weapon (133 gold, have
                  | 41).
   376 | D:1      | 376 ||| BUYING scroll of identify (28 gold).
   376 | D:1      | Bought a scroll of identify for 28 gold pieces
   489 | D:1      | Found a faded altar of an unknown god.
   531 | D:1      | 531 ||| UPGRADING to +0 ring mail.
   541 | D:1      | 541 ||| DROPPING +0 leather armour.
   542 | D:1      | 542 ||| READING 3 scrolls of identify.
   542 | D:1      | 542 ||| IDENTIFYING yellow potion
   543 | D:1      | 543 ||| READING 2 scrolls of identify.
   543 | D:1      | 543 ||| IDENTIFYING bubbling silvery potion
   544 | D:1      | 544 ||| READING scroll of identify.
   544 | D:1      | 544 ||| IDENTIFYING scroll labelled ZAREGUXIDU
   545 | D:1      | 545 ||| READING scroll labelled YMOTTAN KOULL.
   546 | D:1      | 546 ||| DROPPING scroll of butterflies.
   547 | D:1      | 547 ||| DROPPING scroll of fog.
   548 | D:1      | 548 ||| DROPPING potion of ambrosia.
   549 | D:1      | 549 ||| DROPPING potion of lignification.
   605 | D:2      | Reached XP level 3. HP: 20/20 MP: 5/5
   644 | D:2      | Noticed Terence
   646 | D:2      | 646 ||| FLEEEEING.
   647 | D:2      | 647 ||| FLEEEEING.
   648 | D:2      | 648 ||| FLEEEEING.
   649 | D:2      | 649 ||| FLEEEEING.
   650 | D:2      | 650 ||| FLEEEEING.
   651 | D:2      | 651 ||| FLEEEEING.
   652 | D:2      | 652 ||| FLEEEEING.
   653 | D:2      | 653 ||| FLEEEEING.
   654 | D:2      | 654 ||| FLEEEEING.
   655 | D:2      | 655 ||| FLEEEEING.
   656 | D:2      | 656 ||| FLEEEEING.
   657 | D:2      | 657 ||| FLEEEEING.
   658 | D:2      | 658 ||| FLEEEEING.
   659 | D:2      | 659 ||| FLEEEEING.
   660 | D:2      | 660 ||| FLEEEEING.
   661 | D:2      | 661 ||| FLEEEEING.
   662 | D:2      | 662 ||| FLEEEEING.
   663 | D:2      | 663 ||| FLEEEEING.
   664 | D:2      | 664 ||| FLEEEEING.
   665 | D:2      | 665 ||| FLEEEEING.
   666 | D:2      | 666 ||| FLEEEEING.
   667 | D:2      | 667 ||| FLEEEEING.
   668 | D:2      | 668 ||| FLEEEEING.
   669 | D:2      | 669 ||| FLEEEEING.
   670 | D:2      | 670 ||| FLEEEEING.
   671 | D:2      | 671 ||| FLEEEEING.
   672 | D:2      | 672 ||| FLEEEEING.
   673 | D:2      | 673 ||| FLEEEEING.
   674 | D:2      | 674 ||| FLEEEEING.
   675 | D:2      | 675 ||| FLEEEEING.
   676 | D:2      | 676 ||| FLEEEEING.
   677 | D:2      | 677 ||| FLEEEEING.
   678 | D:2      | 678 ||| FLEEEEING.
   679 | D:2      | 679 ||| FLEEEEING.
   680 | D:2      | 680 ||| FLEEEEING.
   856 | D:2      | Reached skill level 7 in Ranged Weapons
  1044 | D:2      | Killed Terence
  1045 | D:2      | Reached XP level 4. HP: 25/25 MP: 6/6
  1459 | D:2      | 1459 ||| UPGRADING to +2 hat of intelligence.
  1464 | D:2      | 1464 ||| READING scroll labelled NUTEOL QUCRUR.
  1464 | D:2      | 1464 ||| ENCHANTING +0 shortbow.
  1511 | D:3      | Reached skill level 8 in Ranged Weapons
  1655 | D:3      | Found an ornate altar of the Wu Jian Council.
  1698 | D:3      | Found the amulet of Elemental Vulnerability {rPois rF--
                  | rC-- AC+8}
  2030 | D:3      | Reached XP level 5. HP: 24/29 MP: 7/7
  2311 | D:3      | 2311 ||| UPGRADING to amulet of Elemental Vulnerability
                  | {rPois rF-- rC-- AC+8}.
  2316 | D:3      | 2316 ||| UPGRADING to ring of willpower.
  2317 | D:3      | 2317 ||| READING scroll of identify.
  2317 | D:3      | 2317 ||| IDENTIFYING orange potion
  2318 | D:3      | 2318 ||| READING scroll labelled BEITOMUNGA.
  2336 | D:4      | Noticed an ogre
  2337 | D:4      | 2337 ||| DRINKING potion of haste.
  2343 | D:4      | Killed an ogre
  2344 | D:4      | Reached skill level 9 in Ranged Weapons
  2402 | D:4      | Noticed a centaur
  2412 | D:4      | Killed a centaur
  2413 | D:4      | Reached XP level 6. HP: 19/36 MP: 8/8
  2526 | D:4      | 2526 ||| SWAPPING to +0 orcbow.
  2527 | D:4      | 2527 ||| DROPPING +1 shortbow.
  2617 | D:4      | HP: 7/36 [burnt (6)]
  2618 | D:4      | HP: 1/36 [burnt (7)]
  2619 | D:4      | Incinerated by a bombardier beetle

Levels and vault maps discovered:
D:1:      ebering_trefoil_3fold, layout_loops_cross,
          ebering_ecumenical_altar_rust, serial_shops,
          nicolae_shop_rolling_square, chequers_serial_rivers_micro_b,
          nicolae_wormholes
D:2:      kennysheep_the_goblin_king, layout_basic, uniq_terence
D:3:      layout_basic, lemuel_coloured_pillars_altar, serial_curves,
          eino_curves_04, eino_curves_03, dreamdust_wishing_well
D:4:      nicolae_cairo_tiling_large, layout_loops_corners

Skill      XL: |  1  2  3  4  5 |
---------------+----------------+-----
Ranged Weapons | 6 7 8 9 |  9.5
Fighting       | 2 |  2.6
Dodging        | |  2.4
Stealth        | |  1.2

Action                     |  1- 3 |  4- 6 || total
---------------------------+-------+-------++-------
   Fire: Shortbow          |   112 |   105 ||   217
         Orcbow            |       |     9 ||     9
    Use: Scroll            |     4 |     3 ||     7
         Potion            |       |     1 ||     1
 Armour: Leather armour    |     4 |       ||     4
         Skin              |    12 |       ||    12
         Ring mail         |     2 |    26 ||    28
  Dodge: Dodged            |    10 |    23 ||    33

Table legend:
 A = Non-vault XP
 B = Vault XP
 C = Vault XP percentage of total XP
 D = Non-vault monster count
 E = Vault monster count
 F = Vault count percentage of total count
                 A         B        C        D         E       F
            +---------+---------+-------+---------+---------+-------
      Total |     444 |      59 |  11.7 |      55 |      10 |  15.4
            +---------+---------+-------+---------+---------+-------
        D:1 |      23 |       9 |  28.1 |      14 |       2 |  12.5
        D:2 |      53 |      50 |  48.5 |      20 |       8 |  28.6
        D:3 |      87 |       0 |   0.0 |      15 |       0 |   0.0
        D:4 |     281 |       0 |   0.0 |       6 |       0 |   0.0
            +---------+---------+-------+---------+---------+-------
